 Dungeon Crawl Stone Soup version 0.21.1-1-g345015fe64 (webtiles) character file.

8206 DobroLive the Destroyer (level 11, -11/66 HPs)
             Began as a Gargoyle Earth Elementalist on Apr 22, 2018.
             Was an Elder of Sif Muna.
             Killed by the air
             ... invoked by Gastronok
              (27 damage)
             ... on level 1 of the Lair of Beasts.
             The game lasted 01:02:34 (10117 turns).

DobroLive the Destroyer (GrEE)                     Turns: 10117, Time: 01:02:34

Health: -11/66     AC: 14    Str: 13    XL:     11   Next: 27%
Magic:  20/20      EV: 11    Int: 15    God:    Sif Muna [****..]
Gold:   110        SH:  0    Dex: 13    Spells: 13/22 levels left

rFire    . . .     SeeInvis .   n - +0 hunting sling
rCold    . . .     Gourm    .   (no shield)
rNeg     + . .     Faith    .   y - +0 leather armour
rPois    ∞         Spirit   .   (no helmet)
rElec    +         Reflect  .   v - +0 cloak
rCorr    +         Harm     +   C - +0 pair of gloves
MR       .....                  S - +0 pair of boots
Stlth    ++........             i - amulet of harm
HPRegen  0.21/turn              H - ring of resist corrosion
MPRegen  0.17/turn              (no ring)

@: divine energy
A: negative energy resistance 1, electricity resistance, unbreathing,
petrification resistance, rot immunity, AC +8
a: Stop Divine Energy, Channel Magic, Forget Spell, Renounce Religion


You were on level 1 of the Lair of Beasts.
You worshipped Sif Muna.
Sif Muna was greatly pleased with you.
You were not hungry.

You visited 3 branches of the dungeon, and saw 11 of its levels.

You collected 497 gold pieces.
You spent 387 gold pieces at shops.

Inventory:

Hand Weapons
 a - a +0 dagger
 f - a +0 short sword
 n - a +0 hunting sling (weapon)
 o - a +0 mace
 s - a cursed +0 quarterstaff
 u - a +2 quarterstaff of chaos
 K - a cursed -3 flail
 M - a +0 shortbow
Missiles
 b - 270 stones
 j - a throwing net
 l - 185 arrows
 t - 54 sling bullets (quivered)
 A - 27 poisoned needles
Armour
 c - a +0 robe
 v - a +0 cloak (worn)
 x - a +0 buckler
 y - a +0 leather armour (worn)
 C - a +0 pair of gloves (worn)
 I - a +0 pair of boots of running
 P - a scarf of resistance
 S - a +0 pair of boots (worn)
Jewellery
 i - an amulet of harm (around neck)
 w - an uncursed amulet of faith
 H - a ring of resist corrosion (left hand)
Wands
 B - a wand of paralysis (8)
 E - a wand of random effects (33)
 J - a wand of flame (19)
 Q - a wand of clouds (9)
 U - a wand of iceblast (16)
Scrolls
 h - 2 scrolls of fear
 m - 3 scrolls of identify
 q - a scroll of blinking
 r - 9 scrolls of teleportation
 D - 4 scrolls of remove curse
 F - a scroll of immolation
 N - a scroll of torment {unknown}
 O - a scroll of amnesia
 Y - a scroll of vulnerability {unknown}
Potions
 g - 2 potions of flight
 k - a potion of lignification {unknown}
 p - 3 potions of brilliance
 z - a potion of might
 L - 4 potions of degeneration {unknown}
 R - a potion of berserk rage {unknown}
 T - a potion of agility {unknown}
 V - a potion of curing
 W - a potion of ambrosia {unknown}
 X - 2 potions of haste {unknown}
Books
 e - a book of Geomancy

   Spells                             Type                      Level
   a - Sandblast                      Earth                        1
   b - Passwall                       Transmutation/Earth          2
   c - Stone Arrow                    Conjuration/Earth            3
   d - Petrify                        Transmutation/Earth          4
   e - Lee's Rapid Deconstruction     Earth                        5
 G - a book of Minor Magic

   Spells                             Type                      Level
   a - Magic Dart                     Conjuration                  1
   b - Blink                          Translocation                2
   c - Call Imp                       Summoning                    2
   d - Slow                           Hexes                        2
   e - Conjure Flame                  Conjuration/Fire             3
   f - Mephitic Cloud                 Conjuration/Poison/Air       3
Comestibles
 d - 13 rations


   Skills:
 + Level 6.7 Fighting
 - Level 1.5 Dodging
 - Level 2.1 Stealth
 + Level 6.4 Spellcasting
 * Level 10.0 Conjurations
 + Level 5.1 Translocations
   Level 0.7 Transmutations
 + Level 5.6 Fire Magic
 + Level 9.8 Earth Magic


You had 13 spell levels left.
You knew the following spells:

 Your Spells              Type           Power        Failure   Level  Hunger
a - Sandblast             Erth           ####..       1%          1    None
b - Stone Arrow           Conj/Erth      ####..       1%          3    ##.....
c - Blink                 Tloc           N/A          3%          2    #......
d - Conjure Flame         Conj/Fire      ####....     1%          3    ##.....


Dungeon Overview and Level Annotations

Branches:
Dungeon (9/15)             Temple (1/1) D:6            Lair (1/6) D:9
    Orc: D:9-12

Altars:
Ashenzari
Cheibriados
Dithmenos
Elyvilon
Fedhas
Gozag
Hepliaklqana
Kikubaaqudgha
Makhleb
Nemelex Xobeh
Okawaru
Qazlal
Ru
Sif Muna
Trog
Uskayaw
Vehumet
Wu Jian
Xom
Yredelemnul
Zin
The Shining One

Shops:
D:7 *?*[

Annotations:
Lair:1 Gastronok


Innate Abilities, Weirdness & Mutations

You are resistant to torment.
Your stone body is resilient. (AC +8)
You are immune to poison.
You resist negative energy. (rN+)
You are resistant to electric shocks. (rElec)
You can survive without breathing.
You are immune to petrification.
You are immune to rotting.


Message History

The stone arrow hits Gastronok.
Gastronok is heavily wounded.
Gastronok waves his eye-stalks in wide circles.
The air twists around and strikes you!
Ouch! That really hurt!
* * * LOW HITPOINT WARNING * * *
Okay, then.
Okay, then.
Blink to where?
Press: ? - help, Dir - move target cursor, p - Gastronok You are very lightly contaminated with residual magic.
As you read the scroll of blinking, it crumbles to dust.
There is a stone staircase leading down here.
You start resting.
Your magical contamination has completely faded away.
You start resting.
All of the chunks of flesh in your inventory have rotted away.
Gastronok waves his eye-stalks in wide circles.
The air twists around and strikes you!
You die...

...........[..#####..##....P#
............#######..##...###
.......#..........#...#.##.#
#.........#.#.........#.# ##
.##......##.#...#.....#.#
.##......#..#........##.#
.##.........#........##.####
#####........#...#...##....#
#.....w.....@##..##....#
#.##......#..###.......#
.P.###.....#.## #..#..#.#
#.... ##......# ##.#..###
#..... #>.##.P# #....# #.....
#.....### #....##### #....
#.....>.# ##.......#
#....#..## #.##PP...#
##.......# #####....#


You could see Gastronok.

Vanquished Creatures
  A two-headed ogre (D:9)
  The ghost of hofbold the Covert, a novice OpBe of Trog (D:9)
  The ghost of asdpro the Cleaver, a novice MiFi of Okawaru (D:8)
  A black mamba (Lair:1)
  A troll (D:9)
  4 hippogriffs
  3 blink frogs (Lair:1)
  A wyvern (D:8)
  Menkaure (D:7)
  Duvessa (D:7)
  4 water moccasins
  2 porcupines
  An ice beast (D:7)
  2 orc warriors (D:6)
  An eye of draining (D:9)
  An ogre (D:4)
  A phantom (D:3)
  A wolf (D:9)
  4 centaurs
  2 crocodiles
  A bullfrog (D:6)
  Dowan (D:7)
  A scorpion (D:8)
  3 killer bees (D:9)
  A water moccasin skeleton (D:8)
  8 wights
  3 electric eels (D:9)
  A howler monkey (D:6)
  3 crimson imps
  A centaur zombie (D:6)
  5 jellies
  A bullfrog zombie (D:6)
  7 hounds
  5 orc priests
  2 gnoll shamans
  12 orc wizards
  Crazy Yiuf (D:2)
  Jessica (D:2)
  2 iguanas
  6 worker ants
  Terence (D:2)
  16 gnolls
  7 adders
  A river rat (shapeshifter) (D:3)
  An adder skeleton (D:4)
  5 worms
  2 dart slugs (D:1)
  A leopard gecko (D:4)
  16 orcs
  5 giant cockroaches
  9 goblins
  6 hobgoblins
  6 jackals
  5 quokkas
  8 bats
  4 frilled lizards
  A jackal skeleton (D:5)
  14 kobolds
  2 quokka skeletons
  10 rats
219 creatures vanquished.

Notes
Turn   | Place    | Note
-------+----------+-------------------------------------------
     0 | D:1      | DobroLive the Gargoyle Earth Elementalist began the quest for the Orb.
     0 | D:1      | Reached XP level 1. HP: 10/10 MP: 3/3
    95 | D:1      | Reached XP level 2. HP: 8/15 MP: 0/5
   501 | D:1      | Reached XP level 3. HP: 19/19 MP: 4/6
   506 | D:1      | Learned a level 3 spell: Stone Arrow
  1053 | D:2      | Noticed Terence
  1104 | D:2      | Reached skill level 1 in Conjurations
  1126 | D:2      | Noticed Jessica
  1188 | D:2      | Killed Jessica
  1188 | D:2      | Reached skill level 5 in Earth Magic
  1188 | D:2      | Reached XP level 4. HP: 24/24 MP: 3/8
  1241 | D:2      | Killed Terence
  1241 | D:2      | Reached skill level 2 in Conjurations
  1517 | D:2      | Found a stormy altar of Qazlal.
  1568 | D:2      | Found a runed door.
  1572 | D:2      | Noticed Crazy Yiuf
  1574 | D:2      | Killed Crazy Yiuf
  1574 | D:2      | Reached XP level 5. HP: 28/28 MP: 7/9
  1727 | D:2      | Found a shimmering altar of Xom.
  1787 | D:3      | Found a glowing golden altar of the Shining One.
  1877 | D:3      | Noticed a moth of wrath
  1879 | D:3      | Found a bloodstained altar of Trog.
  2097 | D:3      | Reached skill level 3 in Conjurations
  2303 | D:3      | Reached XP level 6. HP: 30/33 MP: 10/10
  2440 | D:4      | Noticed a phantom
  2670 | D:3      | Killed a phantom
  2670 | D:3      | Reached skill level 1 in Fighting
  2777 | D:4      | Reached skill level 4 in Conjurations
  2777 | D:4      | Reached XP level 7. HP: 8/39 MP: 0/12
  3266 | D:4      | Found a sparkling altar of Nemelex Xobeh.
  3865 | D:5      | Entered Level 5 of the Dungeon
  4146 | D:5      | Learned a level 2 spell: Blink
  4150 | D:5      | Learned a level 3 spell: Conjure Flame
  4679 | D:6      | Reached skill level 5 in Conjurations
  4693 | D:6      | Reached skill level 1 in Fire Magic
  4701 | D:6      | Reached skill level 1 in Translocations
  4701 | D:6      | Reached XP level 8. HP: 17/45 MP: 1/13
  5032 | D:6      | Found a blossoming altar of Fedhas.
  5128 | D:6      | Found a glowing golden altar of the Shining One.
  5257 | D:6      | Found a staircase to the Ecumenical Temple.
  5265 | Temple   | Entered the Ecumenical Temple
  5483 | Temple   | Became a worshipper of Sif Muna the Loreminder
  5624 | D:7      | Found Ilent's Antique Armour Shoppe.
  5627 | D:7      | Bought a pair of glowing boots for 187 gold pieces
  5632 | D:7      | Identified a +0 pair of boots of running (You bought it in a shop on level 7 of the Dungeon)
  5728 | D:7      | HP: 1/46 [orc warrior/mace (14)]
  6018 | D:7      | Reached skill level 6 in Conjurations
  6027 | D:7      | Noticed a hippogriff
  6040 | D:7      | Noticed Menkaure
  6042 | D:6      | Killed a hippogriff
  6241 | D:7      | Killed Menkaure
  6241 | D:7      | Reached XP level 9. HP: 50/52 MP: 11/15
  6492 | D:6      | Reached * piety under Sif Muna
  6590 | D:7      | Reached skill level 7 in Conjurations
  6845 | D:7      | Found Mamorowu's Magic Scroll Shoppe.
  6846 | D:7      | Found Tacsel's Assorted Antiques.
  6874 | D:7      | Noticed Dowan
  6891 | D:7      | Noticed Duvessa
  6895 | D:7      | Killed Duvessa
  6901 | D:7      | Killed Dowan
  6901 | D:7      | Reached skill level 5 in Spellcasting
  6906 | D:7      | Found Nuroseich's General Store.
  6923 | D:7      | Found a stormy altar of Qazlal.
  6969 | D:7      | Paralysed by a centaur for 3 turns
  7514 | D:7      | Bought an embroidered scarf for 200 gold pieces
  7532 | D:8      | Noticed asdpro's ghost (novice MiFi)
  7628 | D:8      | Killed asdpro's ghost
  7628 | D:8      | Reached ** piety under Sif Muna
  7628 | D:8      | Reached skill level 5 in Fighting
  7628 | D:8      | Reached skill level 8 in Conjurations
  7628 | D:8      | Reached XP level 10. HP: 24/59 MP: 10/17
  7720 | D:8      | Found a radiant altar of Vehumet.
  8716 | D:9      | Found a staircase to the Lair.
  8735 | D:9      | Reached *** piety under Sif Muna
  8820 | D:9      | Noticed hofbold's ghost (novice OpBe)
  8832 | D:9      | Killed hofbold's ghost
  8832 | D:9      | Reached skill level 9 in Conjurations
  9355 | D:9      | Reached skill level 5 in Fire Magic
  9490 | D:9      | Noticed a two-headed ogre
  9575 | D:9      | Killed a two-headed ogre
  9575 | D:9      | Reached **** piety under Sif Muna
  9575 | D:9      | Reached XP level 11. HP: 66/66 MP: 16/20
  9736 | Lair:1   | Entered Level 1 of the Lair of Beasts
  9811 | Lair:1   | Reached skill level 5 in Translocations
  9868 | Lair:1   | Reached skill level 10 in Conjurations
 10048 | Lair:1   | Noticed Gastronok
 10117 | Lair:1   | Killed from afar by Gastronok

Skill      XL: |  1  2  3  4  5  6  7  8  9 10 11 |
---------------+----------------------------------+-----
Earth Magic    | 4 5 6 7 8 9 |  9.8
Conjurations   | 1 2 3 4 5 6 8 9 10 | 10.0
Spellcasting   | 3 4 5 6 |  6.4
Fighting       | 1 2 4 5 6 |  6.7
Fire Magic     | 1 2 4 5 |  5.6
Translocations | 1 2 3 4 5 |  5.1
Dodging        | |  1.5
Stealth        | |  2.1
Transmutations | |  0.7

Action                   |  1- 3 |  4- 6 |  7- 9 | 10-12 || total
-------------------------+-------+-------+-------+-------++-------
Melee: Unarmed           |    16 |       |       |       ||    16
       Short sword       |    71 |    28 |       |       ||    99
       Spear             |     1 |       |       |       ||     1
       Quarterstaff      |       |    78 |   113 |    32 ||   223
 Fire: Hunting sling     |       |     4 |    91 |    95 ||   190
       Blowgun           |       |     4 |       |       ||     4
       Shortbow          |       |       |    10 |    10 ||    20
 Cast: Sandblast         |    27 |    37 |   100 |    79 ||   243
       Stone Arrow       |     5 |     2 |    11 |    19 ||    37
       Conjure Flame     |       |       |    12 |    11 ||    23
Invok: Divine Energy     |       |       |     1 |       ||     1
Evoke: Wand              |       |       |     8 |     2 ||    10
  Use: Scroll            |     4 |     4 |     8 |     1 ||    17
       Potion            |       |       |     1 |       ||     1
 Stab: Sleeping          |     3 |     3 |     2 |       ||     8
       Petrified         |       |       |     1 |       ||     1
       Paralysed         |       |       |     2 |       ||     2
       Distracted        |       |       |       |     1 ||     1
  Eat: Chunk             |     2 |     5 |    13 |     7 ||    27
       Ration            |       |       |     1 |     1 ||     2
Armor: Robe              |    28 |    44 |       |       ||    72
       Leather armour    |       |       |    74 |    50 ||   124
Dodge: Dodged            |    68 |    83 |    84 |    52 ||   287
